 Dungeon Crawl Stone Soup version 0.32-a0 (webtiles) character file.

Game seed: 15452614211256957865

11 Riskake the Grave Robber (level 2, 0/19 HPs)
             Began as a Mummy Necromancer on Jan 13, 2024.
             Slain by a jackal (2 damage)
             ... on level 1 of the Dungeon.
             The game lasted 00:03:38 (255 turns).

Riskake the Grave Robber (Mummy Necromancer)         Turns: 255, Time: 00:03:38

Health: 0/19       AC:  2    Str: 11    XL:     2   Next: 17%
Magic:  1/6        EV: 12    Int: 14    God:
Gold:   10         SH:  0    Dex: 12    Spells: 6/7 levels left

rFire   x . .        (no weapon)
rCold   + . .        (no shield)
rNeg    + + +        a - +0 robe
rPois   ∞            (no helmet)
rElec   .            (no cloak)
rCorr   .            (no gloves)
SInv    .            (no boots)
Will    .....        (no amulet)
Stlth   ++           (no ring)
HPRegen 0.23/turn    (no ring)
MPRegen 0.10/turn

%: faith
@: no status effects
A: cold resistance 1, negative energy resistance 3, torment resistance 2, heat
vulnerability 1, in touch with death 1, no potions, faith
a: no special abilities


You were on level 1 of the Dungeon.
You visited 1 branch of the dungeon, and saw 1 of its levels.

You collected 10 gold pieces.

Inventory:

Armour
 a - a +0 robe (worn)
Scrolls
 b - a scroll of poison {unknown}


   Skills:
 + Level 1.5 Dodging
 + Level 1.5 Stealth
 + Level 3.0 Spellcasting
 + Level 4.3 Necromancy


You had 6 spell levels left.
You knew the following spells:

 Your Spells              Type           Power      Damage    Failure   Level
a - Necrotise             Necr           84%        1d8       3%          1

Your spell library contained the following spells:

 Spells                   Type           Power      Damage    Failure   Level
 Vampiric Draining        Necr           21%        2d7       11%         3
 Animate Dead             Necr           21%        N/A       34%         4
 Curse of Agony           Necr           21%        N/A       69%         5


Dungeon Overview and Level Annotations

Branches:
Dungeon (1/15)

Altars:


Innate Abilities, Weirdness & Mutations

You are immune to poison.
Your flesh is cold resistant. (rC+)
You are immune to negative energy. (rN+++)
You are immune to unholy pain and torment.
You are vulnerable to heat. (rF-)
You are in touch with the powers of death.
You do not drink.
You have a special connection with the divine. (Faith)


Message History

The bat hits your jackal skeleton.
Your jackal skeleton barely misses the bat.
The jackal bites you. The bat hits your jackal skeleton.
The jackal attacks as it pursues you!
The jackal bites you but does no damage.
Aiming: Necrotise (safe; 3% risk of failure)
Press: ? - help, Q - select action Shift-Dir - straight line, f - jackal
Aim: a jackal (chance to affect: 90%)
You feel a surge of power!
The jackal writhes in agony.
The jackal bites you. The bat barely misses you. The jackal bites you.
The bat hits you.
Your jackal skeleton misses the bat.
The bat barely misses your jackal skeleton.
The jackal closely misses you. The endoplasm hits you.
Your jackal skeleton barely misses the bat.
The bat barely misses your jackal skeleton.
Your jackal skeleton barely misses the bat.
The endoplasm attacks as it pursues you!
The endoplasm hits you.
Your jackal skeleton bites the endoplasm.
The jackal barely misses you. The bat attacks as it pursues you!
The bat barely misses you. The bat hits you but does no damage.
Your jackal skeleton bites the endoplasm.
The bat hits your jackal skeleton. The jackal attacks as it pursues you!
The jackal bites you.
* * * LOW HITPOINT WARNING * * *
The endoplasm quivers.
Your jackal skeleton bites the endoplasm but does no damage.
The bat hits you but does no damage. The jackal misses you.
The jackal attacks as it pursues you! The jackal bites you.
* * * LOW HITPOINT WARNING * * *
The bat hits you but does no damage. The jackal barely misses you.
Your jackal skeleton bites the endoplasm.
The endoplasm hits you.
* * * LOW HITPOINT WARNING * * *
The jackal bites you but does no damage.
The bat closely misses you.
Your jackal skeleton bites the endoplasm.
The jackal bites you.
You die...

#.................. .##
#.....♣.....♣...... ...#
##...............†..
.#..##......♣.....♣...... J..!#
..#.^#..................# ....
.......#......♣.....♣.....# ...
...#......................# ..
.>...J...hb...♣.....♣.....# h
#........J@...............#
.....###.Z.....#'''#......# ####
##...#.....###...###....#
...#########.......#.......#....#
.J....).......#....#.......#....#
..##...######......#.......#....#
######....####.....#.......#....#
####....#.....#...<...#....#
####.....###.......###...


You could see 2 endoplasms, a jackal, a bat (ally target) and a friendly jackal
skeleton.

Vanquished Creatures
  3 jackals (D:1)
  2 ball pythons (D:1)
  A bat (D:1)
  2 frilled lizards (D:1)
  A rat (D:1)
9 creatures vanquished.

Vanquished Creatures (collateral kills)
  A hobgoblin (D:1)
  A kobold (D:1)
  A frilled lizard (D:1)
3 creatures vanquished.

Grand Total: 12 creatures vanquished

Notes
Turn   | Place    | Note
-------+----------+-------------------------------------------
     0 | D:1      | Riskake the Mummy Necromancer began the quest for the Orb.
     0 | D:1      | Reached XP level 1. HP: 13/13 MP: 4/4
   217 | D:1      | Reached XP level 2. HP: 18/19 MP: 1/5
   255 | D:1      | Slain by a jackal

Illustrated notes

Levels and vault maps discovered:
D:1:      wander_arrival_estate, layout_rooms, chequers_serial_rivers_small_a,
          hangedman_abyss_or_decor_lesser_grid, minmay_pentomino_s2

Skill      XL: |  1  2 |
---------------+-------+-----
Spellcasting   | 3 |  3.0
Dodging        | |  1.5
Stealth        | |  1.5
Necromancy     | |  4.3

Action                     || total
---------------------------++-------
   Cast: Necrotise         ||    15
 Armour: Robe              ||    27
  Dodge: Dodged            ||    26

Table legend: (Time is in decaauts)
 A = Elapsed time spent in this place.
 B = Non-inter-level travel time spent in this place.
 C = Inter-level travel time spent in this place.
 D = Time resting spent in this place.
 E = Time spent auto-exploring this place.
 F = Levels seen in this place.
 G = Mean time per level.
                   A        B        C        D        E       F      G
               +--------+--------+--------+--------+--------+-----+--------+
         Total |    255 |    255 |      0 |      0 |    137 |   1 |  255.0 |
       Dungeon |    255 |    255 |      0 |      0 |    137 |   1 |  255.0 |
               +--------+--------+--------+--------+--------+-----+--------+

Top non-repeatable levels by time:
     D:1: 255 daAuts
